[Event "23rd Hoogeveen Open 2019"]
[Site "Hoogeveen"]
[Date "2019.10.20"]
[Round "2.20"]
[White "Gomes, Mary Ann"]
[Black "Stavast, Dick"]
[Result "1-0"]
[ECO "A55"]
[WhiteElo "2268"]
[BlackElo "2068"]
[Annotator "NA"]
[PlyCount "49"]
[EventDate "2019.10.19"]
[EventType "swiss"]
[EventCountry "NED"]
[SourceTitle "playchess.com"]
[Source "ChessBase"]
[SourceQuality "1"]
[TimeControl "40/5400+30:1800+30"]

1. Nf3 d6 2. d4 Nf6 3. c4 Nbd7 4. Nc3 e5 5. g3 Be7 6. Bg2 O-O 7. O-O c6 8. e4 a6 9. a4 a5 10. h3 Re8 11. Be3 exd4 12. Nxd4 Nc5 13. Qc2 Bf8 14. Rfd1 Qc7 15. g4 g6 16. Bf4 Nfd7 17. Bg3 Ne5 $14 18. Nce2 Bg7 19. f4 Ned7 20. Kh1 Nf6 21. Nc3 Qe7 22. Bh4 h6 23. Re1 g5 24. fxg5 Nxg4 25. Nf5 1-0

[Event "23rd Hoogeveen Open 2019"]
[Site "Hoogeveen"]
[Date "2019.10.20"]
[Round "2.21"]
[White "Emans, Job"]
[Black "Noordenbos, Daan"]
[Result "1/2-1/2"]
[ECO "E99"]
[WhiteElo "2028"]
[BlackElo "2133"]
[Annotator "NA"]
[PlyCount "90"]
[EventDate "2019.10.19"]
[EventType "swiss"]
[EventCountry "NED"]
[SourceTitle "playchess.com"]
[Source "ChessBase"]
[SourceQuality "1"]
[TimeControl "40/5400+30:1800+30"]

1. d4 Nf6 2. c4 g6 3. Nc3 Bg7 4. e4 d6 5. Nf3 O-O 6. Be2 e5 7. O-O Nc6 8. d5 Ne7 9. Ne1 Nd7 10. Nd3 f5 11. Bd2 Nf6 12. f3 f4 13. c5 g5 14. cxd6 cxd6 15. Nf2 Ng6 16. Rc1 h5 {[%emt 0:02:04] E99: King's Indian: Classical Main Line: 9 Ne1 Nd7 10 f3 f5} 17. h3 (17. Nb5 Rf7 18. Qc2 Ne8 19. a4 Bd7 20. Qb3 Bf8 21. Rc4 a6 22. Na3 Rg7 23. a5 Nf6 24. Qb6 Qe8 25. h3 g4 26. fxg4 hxg4 27. hxg4 {0-1 (47) Kozul,Z (2601)-Radjabov,T (2644) Sarajevo 2003}) 17... Rf7 18. Qb3 Bf8 19. Nb5 Rg7 20. Qa3 $146 ({Predecessor:} 20. Rc2 g4 21. fxg4 Nh4 22. Be1 hxg4 23. hxg4 Nh5 24. Nh1 Nxg2 25. Kxg2 {0-1 (59) Benkovic,P (2408)-Nestorovic,L (2383) Banja Vrucica 2012}) 20... g4 21. fxg4 Nh4 $11 22. Ba5 b6 23. Bb4 hxg4 24. Rxc8 Qxc8 25. Nxg4 Nxg4 26. Bxg4 Rxg4 27. hxg4 Qxg4 28. Qh3 Qxh3 29. gxh3 Rc8 30. Bxd6 Bxd6 31. Nxd6 Rc2 32. b3 Kf8 33. Nc4 Rg2+ 34. Kh1 Re2 35. d6 Ke8 36. Nxe5 Rxe4 37. Nc6 Kd7 38. Rd1 Re2 39. Nb8+ Ke6 40. Rd3 Re3 41. Rd1 Re2 42. Kg1 Nf3+ 43. Kf1 Rxa2 44. d7 Nh2+ 45. Kg1 Nf3+ 1/2-1/2

[Event "23rd Hoogeveen Open 2019"]
[Site "Hoogeveen"]
[Date "2019.10.20"]
[Round "2.22"]
[White "Kirchei, Viktoriia"]
[Black "Mijnster, Niels"]
[Result "1-0"]
[ECO "B13"]
[WhiteElo "2051"]
[BlackElo "2145"]
[Annotator "NA"]
[PlyCount "71"]
[EventDate "2019.10.19"]
[EventType "swiss"]
[EventCountry "NED"]
[SourceTitle "playchess.com"]
[Source "ChessBase"]
[SourceQuality "1"]
[TimeControl "40/5400+30:1800+30"]

1. e4 c6 2. d4 d5 3. exd5 cxd5 4. Bd3 Nc6 5. c3 Nf6 6. h3 g6 7. Nf3 Bg7 8. O-O Bf5 {[%emt 0:03:22] B13: Caro-Kann: Exchange Variation and Panov-Botvinnik Attack} 9. Be2 O-O 10. Bf4 Ne4 11. Na3 $146 ({Predecessor:} 11. Nbd2 Re8 12. Re1 h6 13. Bf1 g5 14. Bh2 Qd7 15. Nxe4 Bxe4 {1-0 (35) Caruana,F (2828)-Shankland,S (2725) chess.com INT 2019}) 11... h6 12. Nc2 g5 13. Bh2 Bh7 14. Ne3 e6 15. Nd2 f5 16. Nxe4 fxe4 17. Qb3 Qd7 18. Bg4 Bg6 19. Nxd5 Bf5 20. Bxf5 Rxf5 21. Nc7 Rc8 22. Qxe6+ Rf7 23. Qxd7 ({Don't play} 23. Qxe4 $6 Rxc7 24. Bxc7 Qxc7 $18) 23... Rxd7 24. Ne6 Bf6 25. Nc5 Re7 $18 26. Rfe1 Nxd4 27. Nxe4 Bg7 28. cxd4 Bxd4 29. Nc3 Rf7 30. Re2 a6 31. Be5 Ba7 32. Rd1 b5 33. Bd4 Bb8 34. Nd5 Bd6 35. Re6 Rc6 36. Nf6+ 1-0

[Event "23rd Hoogeveen Open 2019"]
[Site "Hoogeveen"]
[Date "2019.10.20"]
[Round "2.23"]
[White "De Boer, Bas"]
[Black "Fehr, Axel"]
[Result "1-0"]
[ECO "E63"]
[WhiteElo "2142"]
[BlackElo "2045"]
[Annotator "NA"]
[PlyCount "95"]
[EventDate "2019.10.19"]
[EventType "swiss"]
[EventCountry "NED"]
[SourceTitle "playchess.com"]
[Source "ChessBase"]
[SourceQuality "1"]
[TimeControl "40/5400+30:1800+30"]

1. d4 Nf6 2. c4 g6 3. g3 Bg7 4. Bg2 d6 5. Nf3 O-O 6. O-O Nc6 7. Nc3 a6 8. h3 Rb8 9. e4 b5 10. d5 {[%emt 0:02:26] E63: King's Indian: Fianchetto: Panno Variation with 7...a6} b4 11. Ne2 Na5 12. Qc2 b3 $146 ({Predecessor:} 12... c6 13. Nfd4 cxd5 14. exd5 Qc7 15. b3 e5 16. dxe6 fxe6 17. a3 bxa3 {1-0 (45) Aronian,L (2812)-Nakamura,H (2789) Zuerich 2014}) 13. Qc3 c5 14. Bd2 Rb4 15. Qd3 Rb8 16. Bxa5 Qxa5 17. axb3 Qb6 18. Nd2 Nd7 19. Qc2 Bh6 20. f4 f5 21. Nc3 Nf6 22. Rae1 Nh5 23. Kh2 $16 Qd8 24. Re2 e5 25. dxe6 Bxe6 26. e5 Kh8 27. Nd5 dxe5 28. Rxe5 Qd6 29. Rfe1 Bf7 30. Bf3 Bg7 31. Bxh5 gxh5 32. Rxf5 Bg6 33. Rxf8+ Rxf8 34. Qc1 h4 35. Nf3 hxg3+ 36. Kxg3 Bf5 37. Ne5 Qh6 38. Ng4 Qd6 39. Nge3 Qg6+ 40. Kh2 Bxh3 41. Kxh3 Bd4 42. Ng4 Rg8 43. Qd1 h5 44. Ne7 Qxg4+ 45. Qxg4 hxg4+ 46. Kg3 Rb8 47. Kxg4 Rxb3 48. Kg5 {[%emt 0:00:00] time} 1-0

[Event "23rd Hoogeveen Open 2019"]
[Site "Hoogeveen"]
[Date "2019.10.20"]
[Round "2.24"]
[White "Van der Veen, Jan"]
[Black "Sparenberg, Erik"]
[Result "0-1"]
[ECO "C88"]
[WhiteElo "2043"]
[BlackElo "2142"]
[Annotator "NA"]
[PlyCount "82"]
[EventDate "2019.10.19"]
[EventType "swiss"]
[EventCountry "NED"]
[SourceTitle "playchess.com"]
[Source "ChessBase"]
[SourceQuality "1"]
[TimeControl "40/5400+30:1800+30"]

1. e4 e5 2. Nf3 Nc6 3. Bb5 a6 4. Ba4 Nf6 5. O-O Be7 6. d3 b5 7. Bb3 d6 8. a4 b4 9. Nbd2 O-O 10. a5 Rb8 11. Re1 Be6 12. Bc4 Qc8 13. c3 Re8 14. Qa4 Bxc4 15. Nxc4 Qb7 16. Bd2 bxc3 17. bxc3 Nd7 18. Be3 Bf6 19. Qc2 Qb3 20. Qd2 Nf8 21. Rec1 Qb7 22. Qc2 Qb3 23. Qd2 Qb7 24. Qc2 Ne7 25. Rcb1 Qa8 26. Bd2 Ne6 27. h3 g6 28. Nh2 Bg7 29. Nf1 f5 30. exf5 gxf5 31. Ng3 d5 32. Nb2 Qc6 33. Nh5 Bh8 34. Qa4 Nc5 35. Qxc6 Nxc6 36. Be3 Nb3 37. Ra3 f4 38. Na4 Nbxa5 39. Rxb8 Rxb8 40. Bd2 Rb1+ 41. Kh2 Nb3 0-1

[Event "23rd Hoogeveen Open 2019"]
[Site "Hoogeveen"]
[Date "2019.10.20"]
[Round "2.25"]
[White "Van Foreest, Machteld"]
[Black "Barthel, Ansgar"]
[Result "1/2-1/2"]
[ECO "B04"]
[WhiteElo "2142"]
[BlackElo "2037"]
[Annotator "NA"]
[PlyCount "91"]
[EventDate "2019.10.19"]
[EventType "swiss"]
[EventCountry "NED"]
[SourceTitle "playchess.com"]
[Source "ChessBase"]
[SourceQuality "1"]
[TimeControl "40/5400+30:1800+30"]

1. e4 Nf6 2. e5 Nd5 3. d4 d6 4. c4 Nb6 5. exd6 cxd6 6. Nc3 g6 7. Be3 Bg7 8. Rc1 O-O 9. b3 Bf5 10. Nf3 d5 11. c5 Nc8 12. Be2 Nc6 13. O-O Bg4 14. b4 a6 15. Rb1 e6 16. a4 N8e7 17. b5 axb5 18. axb5 Na5 19. h3 Bxf3 20. Bxf3 Nf5 21. Qd3 Nc4 22. Ra1 Ncxe3 23. fxe3 Bh6 24. Rxa8 Qxa8 25. Re1 Qa3 26. e4 dxe4 27. Bxe4 Nxd4 28. Qxd4 Bg7 29. Qe3 Qxc3 30. Qxc3 Bxc3 31. Rd1 Rc8 32. Bxb7 Rxc5 33. Bc6 e5 34. Rd7 e4 35. Kf2 Be5 36. Bxe4 Rxb5 37. Bd5 Rc5 38. Bxf7+ Kf8 39. Be6 Rc7 40. Rxc7 Bxc7 41. Kf3 Kg7 42. Bc4 Bd6 43. Kg4 Bc7 44. Bb3 Bd6 45. Bc4 Bc7 46. Bb3 1/2-1/2

[Event "23rd Hoogeveen Open 2019"]
[Site "Hoogeveen"]
[Date "2019.10.20"]
[Round "2.26"]
[White "Dev, Shah"]
[Black "Vogel, Jaap"]
[Result "1-0"]
[ECO "A91"]
[WhiteElo "2025"]
[BlackElo "2123"]
[Annotator "NA"]
[PlyCount "55"]
[EventDate "2019.10.19"]
[EventType "swiss"]
[EventCountry "NED"]
[SourceTitle "playchess.com"]
[Source "ChessBase"]
[SourceQuality "1"]
[TimeControl "40/5400+30:1800+30"]

1. d4 e6 2. c4 f5 3. g3 Nf6 4. Bg2 c6 5. Nh3 d6 6. O-O Be7 7. b3 O-O 8. Bb2 Qc7 9. Nd2 e5 10. e4 Ng4 11. dxe5 Nxe5 12. Qe2 Na6 13. Nf4 Nc5 14. b4 Nxe4 15. Nxe4 fxe4 16. Bxe4 Bg4 17. f3 Bf5 18. c5 Rae8 19. Rad1 Bc8 20. Rfe1 Nf7 21. Qd3 Ng5 22. cxd6 Bxd6 23. Bxh7+ Nxh7 24. Rxe8 Rxe8 25. Qxd6 Qxd6 26. Rxd6 Kf7 27. Kf2 Nf6 28. g4 1-0

[Event "23rd Hoogeveen Open 2019"]
[Site "Hoogeveen"]
[Date "2019.10.20"]
[Round "2.27"]
[White "Van der Velde, Henk"]
[Black "Ypma, Jord"]
[Result "1/2-1/2"]
[ECO "A11"]
[WhiteElo "2118"]
[BlackElo "2013"]
[Annotator "NA"]
[PlyCount "70"]
[EventDate "2019.10.19"]
[EventType "swiss"]
[EventCountry "NED"]
[SourceTitle "playchess.com"]
[Source "ChessBase"]
[SourceQuality "1"]
[TimeControl "40/5400+30:1800+30"]

1. c4 Nf6 2. g3 c6 3. Bg2 d5 4. Nf3 Bg4 5. Ne5 Be6 6. cxd5 Bxd5 7. Nf3 c5 8. Nc3 Bc6 9. O-O e6 10. d3 Be7 11. Bf4 O-O 12. Qc2 b5 13. a3 a6 14. Rfd1 Bb7 15. d4 Qb6 16. e4 cxd4 17. Nxd4 Nc6 18. Nxc6 Qxc6 19. Rac1 Rfd8 20. Rxd8+ Rxd8 21. Qe2 Bc5 22. b4 Bd4 23. Nd5 Qe8 24. Nxf6+ Bxf6 25. e5 Bxg2 26. exf6 Bd5 27. fxg7 Rc8 28. Rxc8 Qxc8 29. f3 Kxg7 30. Be5+ f6 31. Bb2 Qc6 32. Kf2 Bc4 33. Qe3 Qd5 34. Qd4 Qxd4+ 35. Bxd4 e5 1/2-1/2

[Event "23rd Hoogeveen Open 2019"]
[Site "Hoogeveen"]
[Date "2019.10.20"]
[Round "2.28"]
[White "Garcia Morales, Ivette Ale"]
[Black "Nicolai, Amir"]
[Result "1/2-1/2"]
[ECO "A96"]
[WhiteElo "2013"]
[BlackElo "2117"]
[Annotator "NA"]
[PlyCount "31"]
[EventDate "2019.10.19"]
[EventType "swiss"]
[EventCountry "NED"]
[SourceTitle "playchess.com"]
[Source "ChessBase"]
[SourceQuality "1"]
[TimeControl "40/5400+30:1800+30"]

1. d4 e6 2. Nf3 f5 3. c4 Nf6 4. g3 Be7 5. Bg2 O-O 6. O-O d6 7. b3 Ne4 8. h4 c6 9. Qc2 Nd7 10. Bb2 Qc7 11. Nc3 Ndf6 12. Rad1 Bd7 13. e3 Be8 14. Ne2 Ng4 15. Qc1 Bf7 16. Ne1 1/2-1/2

[Event "23rd Hoogeveen Open 2019"]
[Site "Hoogeveen"]
[Date "2019.10.20"]
[Round "2.29"]
[White "Elgersma, Simon"]
[Black "Ricken, Katharina"]
[Result "1-0"]
[ECO "C10"]
[WhiteElo "2111"]
[BlackElo "1970"]
[Annotator "NA"]
[PlyCount "67"]
[EventDate "2019.10.19"]
[EventType "swiss"]
[EventCountry "NED"]
[SourceTitle "playchess.com"]
[Source "ChessBase"]
[SourceQuality "1"]
[TimeControl "40/5400+30:1800+30"]

1. e4 e6 2. d4 d5 3. Nc3 Nc6 4. e5 f6 5. Bb5 Bd7 6. Nf3 a6 7. Bxc6 Bxc6 8. O-O Qd7 9. Re1 f5 10. a3 O-O-O 11. b4 Nh6 12. Rb1 Nf7 13. Qd3 Bb5 14. Nxb5 Qxb5 15. Qb3 Qd7 16. a4 b6 17. c4 Be7 18. a5 dxc4 19. Qxc4 b5 20. Qc3 g5 21. Bb2 g4 22. Nd2 h5 23. Rbc1 Bg5 24. Re2 Bxd2 25. Rxd2 Kb7 26. d5 Rc8 27. Qc5 Ng5 28. Bd4 Ra8 29. d6 Rhc8 30. Rdc2 Ne4 31. Qxc7+ Rxc7 32. Rxc7+ Qxc7 33. Rxc7+ Kb8 34. Bb6 1-0

[Event "23rd Hoogeveen Open 2019"]
[Site "Hoogeveen"]
[Date "2019.10.20"]
[Round "2.30"]
[White "Hoffman, Ron"]
[Black "Shakhverdian, William"]
[Result "1/2-1/2"]
[ECO "D02"]
[WhiteElo "1991"]
[BlackElo "2109"]
[Annotator "NA"]
[PlyCount "167"]
[EventDate "2019.10.19"]
[EventType "swiss"]
[EventCountry "NED"]
[SourceTitle "playchess.com"]
[Source "ChessBase"]
[SourceQuality "1"]
[TimeControl "40/5400+30:1800+30"]

1. d4 d5 2. Bf4 Nf6 3. e3 e6 4. Nd2 Bd6 5. Bg3 O-O 6. Ngf3 b6 7. c3 Bb7 8. Bd3 c5 9. Qe2 Nc6 10. Bxd6 Qxd6 11. dxc5 Qxc5 12. e4 dxe4 13. Nxe4 Qe7 14. Nxf6+ Qxf6 15. Qe4 g6 16. O-O Rad8 17. Rad1 Na5 18. Qe5 Qe7 19. Qe3 Qf6 20. Qe5 Kg7 21. Qxf6+ Kxf6 22. Nd4 e5 23. Nc2 Ke7 24. Rfe1 f6 25. Ne3 Bc6 26. Bc2 Nb7 27. b4 Rxd1 28. Rxd1 Rd8 29. Rxd8 Nxd8 30. Kf1 f5 31. f3 Ne6 32. Kf2 Nf4 33. g3 Nh3+ 34. Kg2 Ng5 35. Bd1 Nf7 36. Bb3 Nd6 37. Kf2 Nb5 38. Nd1 Nd6 39. Ne3 Kf6 40. h4 h6 41. a4 g5 42. hxg5+ hxg5 43. Nd5+ Bxd5 44. Bxd5 Ne8 45. Ke3 Ke7 46. Bb7 Kd6 47. Bc8 Ng7 48. g4 fxg4 49. Bxg4 Ne8 50. Ke4 Nf6+ 51. Kf5 Nd5 52. Kxg5 Nxc3 53. f4 exf4 54. Kxf4 Nd5+ 55. Kf3 Nxb4 56. Ke3 Kc5 57. Kd2 Kd4 58. Be2 Nd5 59. a5 bxa5 60. Kc2 Nc3 61. Bf1 Ne4 62. Kb3 Nc5+ 63. Ka3 Kc3 64. Bb5 Kd4 65. Bf1 Kd5 66. Bg2+ Kd6 67. Bf3 Kc7 68. Be2 Kb6 69. Bc4 Ne4 70. Bf1 Nd2 71. Bd3 Nf3 72. Bf1 Ne1 73. Be2 Nc2+ 74. Ka4 a6 75. Bf1 Nd4 76. Bd3 Nb5 77. Bf1 Nc3+ 78. Kb3 Ne4 79. Ka3 Nc5 80. Be2 Kc6 81. Bc4 Kd6 82. Bxa6 Nxa6 83. Ka4 Nc5+ 84. Kxa5 1/2-1/2

[Event "23rd Hoogeveen Open 2019"]
[Site "Hoogeveen"]
[Date "2019.10.20"]
[Round "2.31"]
[White "Albers, Sasa"]
[Black "Takawira, Erick"]
[Result "1/2-1/2"]
[ECO "C85"]
[WhiteElo "1975"]
[BlackElo "2101"]
[Annotator "NA"]
[PlyCount "115"]
[EventDate "2019.10.19"]
[EventType "swiss"]
[EventCountry "NED"]
[SourceTitle "playchess.com"]
[Source "ChessBase"]
[SourceQuality "1"]
[TimeControl "40/5400+30:1800+30"]

1. e4 e5 2. Nf3 Nc6 3. Bb5 a6 4. Ba4 Nf6 5. O-O Be7 6. Bxc6 dxc6 7. d3 Bg4 8. Nbd2 Nd7 9. Nc4 O-O 10. h3 Bxf3 11. Qxf3 Bg5 12. Qg3 Bxc1 13. Raxc1 f6 14. Ne3 Nc5 15. Nf5 Ne6 16. d4 exd4 17. Qb3 Qd7 18. c3 d3 19. Nd4 Rfe8 20. Rcd1 c5 21. Nxe6 Rxe6 22. Rxd3 Qxd3 23. Qxe6+ Kf8 24. Qf5 b6 25. Qxh7 Rd8 26. Qh8+ Kf7 27. Qh5+ Kg8 28. Qg4 Re8 29. Re1 a5 30. Qe2 Qd7 31. a3 Qe6 32. Qd2 Re7 33. Re3 Rd7 34. Rd3 Rxd3 35. Qxd3 Qe7 36. Qd5+ Kh7 37. h4 Kh8 38. h5 Kh7 39. Qf5+ Kh8 40. Qg6 Qf8 41. Kh1 c4 42. Kg1 b5 43. Qf5 Qe7 44. Qd5 Qe8 45. a4 c6 46. Qf5 Qd8 47. axb5 cxb5 48. Qd5 Qb6 49. Kf1 a4 50. Ke1 b4 51. Qxc4 a3 52. Qc8+ Kh7 53. Qf5+ Kh8 54. bxa3 bxa3 55. Qc8+ Kh7 56. Qf5+ Kh8 57. Qc8+ Kh7 58. Qf5+ 1/2-1/2

[Event "23rd Hoogeveen Open 2019"]
[Site "Hoogeveen"]
[Date "2019.10.20"]
[Round "2.32"]
[White "Labruyere, Roger"]
[Black "Gijsen, William"]
[Result "1-0"]
[ECO "E01"]
[WhiteElo "1932"]
[BlackElo "2091"]
[Annotator "NA"]
[PlyCount "153"]
[EventDate "2019.10.19"]
[EventType "swiss"]
[EventCountry "NED"]
[SourceTitle "playchess.com"]
[Source "ChessBase"]
[SourceQuality "1"]
[TimeControl "40/5400+30:1800+30"]

1. d4 d5 2. c4 c6 3. Nf3 e6 4. g3 Nf6 5. Bg2 Nbd7 6. O-O Bd6 7. Nc3 O-O 8. Qc2 Re8 9. e4 dxe4 10. Nxe4 Nxe4 11. Qxe4 Nf6 12. Qc2 c5 13. Rd1 Qc7 14. Be3 Ng4 15. Ng5 f5 16. d5 Nxe3 17. fxe3 e5 18. e4 Qe7 19. Ne6 Bxe6 20. dxe6 f4 21. gxf4 Qxe6 22. f5 Qf6 23. Qd3 Rad8 24. Qd5+ Kh8 25. Qxb7 Rb8 26. Qc6 Red8 27. b3 Rb6 28. Qa4 Bf8 29. Rd5 Rxd5 30. cxd5 Rb4 31. Qxa7 Rd4 32. Qa5 Qg5 33. Qe1 Rd2 34. Qg3 Qh6 35. Rf1 Bd6 36. a4 Ra2 37. f6 gxf6 38. Qg4 c4 39. Qc8+ Bf8 40. bxc4 Qg7 41. Qh3 Rxa4 42. Qb3 Ra3 43. Qc2 Qa7+ 44. Kh1 Ra2 45. Qd3 Ra3 46. Qe2 Ra1 47. Qf3 Be7 48. Qh5 Kg7 49. Qg4+ Kf8 50. Qc8+ Kg7 51. Qe6 Qa3 52. Qg4+ Kf7 53. Qe2 Bc5 54. Qh5+ Kg7 55. Qg4+ Kf8 56. Qc8+ Kg7 57. Qg4+ Kf8 58. Qf5 Be7 59. h3 Kg7 60. Kh2 Rxf1 61. Qf4 Rf2 62. Qxf2 Bc5 63. Qe2 Be3 64. Qg4+ Kf7 65. Qe6+ Kg7 66. Qg4+ Kf7 67. Kg3 Bf4+ 68. Kh4 Bg5+ 69. Kh5 Qe7 70. h4 Bf4 71. Bh3 Kf8 72. Qc8+ Kg7 73. Be6 Qf8 74. Qxf8+ Kxf8 75. c5 Be3 76. c6 Bb6 77. d6 {[%emt 0:00:07] Ke7} 1-0

[Event "23rd Hoogeveen Open 2019"]
[Site "Hoogeveen"]
[Date "2019.10.20"]
[Round "2.33"]
[White "Van Dorp, Folke"]
[Black "Vasse, Albert"]
[Result "1-0"]
[ECO "B23"]
[WhiteElo "2086"]
[BlackElo "1934"]
[Annotator "NA"]
[PlyCount "111"]
[EventDate "2019.10.19"]
[EventType "swiss"]
[EventCountry "NED"]
[SourceTitle "playchess.com"]
[Source "ChessBase"]
[SourceQuality "1"]
[TimeControl "40/5400+30:1800+30"]

1. e4 c5 2. Nc3 Nc6 3. Bb5 g6 4. f4 Bg7 5. Nf3 d6 6. Bxc6+ bxc6 7. O-O e6 8. d3 Rb8 9. f5 exf5 10. Qe1 Ne7 11. Qh4 f6 12. Bh6 O-O 13. Bxg7 Kxg7 14. b3 h6 15. Qg3 g5 16. exf5 Nxf5 17. Qf2 Ne7 18. Rae1 Nd5 19. Nxd5 cxd5 20. Qg3 Rb7 21. h4 Rbf7 22. Rf2 g4 23. Nd2 f5 24. Rf4 Re8 25. Ref1 Re2 26. R1f2 Rfe7 27. Rxe2 Rxe2 28. Rf2 Re1+ 29. Rf1 Rxf1+ 30. Nxf1 Qf6 31. Qf4 Qe5 32. Qa4 a6 33. Qc6 Qe6 34. g3 Kf6 35. Kf2 d4 36. Qc7 Qd7 37. Qb6 Bb7 38. Nd2 Ke6 39. Ke1 Qc6 40. Qd8 Qc8 41. Qb6 Bd5 42. a4 Kd7 43. Nc4 Bc6 44. b4 cxb4 45. Qxd4 Qe8+ 46. Kd2 Qe7 47. Qa7+ Ke6 48. Qe3+ Kd7 49. Qa7+ Ke6 50. Qxa6 Qb7 51. Qxb7 Bxb7 52. Ke3 Ba6 53. Kf4 d5 54. Nd2 Bc8 55. Nb3 Ba6 56. Nc5+ 1-0

[Event "23rd Hoogeveen Open 2019"]
[Site "Hoogeveen"]
[Date "2019.10.20"]
[Round "2.35"]
[White "Faber, Hugo"]
[Black "Merkon, Oseb"]
[Result "1-0"]
[ECO "B02"]
[WhiteElo "2077"]
[BlackElo "1930"]
[Annotator "NA"]
[PlyCount "103"]
[EventDate "2019.10.19"]
[EventType "swiss"]
[EventCountry "NED"]
[SourceTitle "playchess.com"]
[Source "ChessBase"]
[SourceQuality "1"]
[TimeControl "40/5400+30:1800+30"]

1. e4 c5 2. c3 Nf6 3. e5 Nd5 4. d4 cxd4 5. cxd4 e6 6. Nf3 Be7 7. Nc3 d6 8. Bd3 Nc6 9. Nxd5 exd5 10. h3 dxe5 11. dxe5 Bb4+ 12. Bd2 Qa5 13. O-O Bxd2 14. Nxd2 Be6 15. f4 Qb6+ 16. Rf2 O-O-O 17. Nf3 g6 18. a3 Kb8 19. Rc1 Rc8 20. b4 Nd4 21. Kf1 Bf5 22. Rxc8+ Rxc8 23. Rd2 Bxd3+ 24. Rxd3 Nf5 25. Nd4 Nxd4 26. Rxd4 Rc4 27. Rxc4 Qb5 28. Qd3 Qxc4 29. Qxc4 dxc4 30. Ke2 b5 31. Ke3 Kc7 32. g4 Kd7 33. f5 Ke7 34. h4 h5 35. gxh5 gxh5 36. Ke4 Kd7 37. Kd4 Kc6 38. a4 bxa4 39. b5+ Kxb5 40. e6 fxe6 41. f6 Kb4 42. f7 e5+ 43. Kd5 c3 44. f8=Q+ Kb3 45. Qb8+ Ka2 46. Qb4 c2 47. Qxa4+ Kb2 48. Qb4+ Ka2 49. Qc3 Kb1 50. Qb3+ Kc1 51. Kc4 Kd2 52. Qd3+ 1-0

[Event "23rd Hoogeveen Open 2019"]
[Site "Hoogeveen"]
[Date "2019.10.20"]
[Round "2.36"]
[White "Achuthan, Dylan"]
[Black "Stock, Andreas"]
[Result "1-0"]
[ECO "B22"]
[WhiteElo "1865"]
[BlackElo "2076"]
[Annotator "NA"]
[PlyCount "83"]
[EventDate "2019.10.19"]
[EventType "swiss"]
[EventCountry "NED"]
[SourceTitle "playchess.com"]
[Source "ChessBase"]
[SourceQuality "1"]
[TimeControl "40/5400+30:1800+30"]

1. e4 c5 2. Nf3 Nc6 3. c3 e5 4. d4 cxd4 5. cxd4 exd4 6. Nxd4 Nf6 7. Nc3 Bb4 8. Nxc6 bxc6 9. Bd3 O-O 10. O-O Re8 11. Bg5 h6 12. Bh4 g5 13. e5 Bxc3 14. bxc3 gxh4 15. exf6 Qxf6 16. Re1 Rxe1+ 17. Qxe1 d5 18. Qe8+ Kg7 19. Re1 Qxc3 20. Re7 Qa1+ 21. Bf1 Qf6 22. Rc7 Qe6 23. Qd8 Qf6 24. Qe8 Ba6 25. Qxa8 Bxf1 26. Qxc6 Qxc6 27. Rxc6 Bc4 28. a4 a6 29. f3 f6 30. Kf2 Kg6 31. Ke3 Kf5 32. Kd4 h5 33. a5 Kg5 34. Rc8 Kf4 35. Rf8 f5 36. Rh8 h3 37. gxh3 Kg5 38. Ke5 Be2 39. f4+ Kh4 40. Kxf5 Kxh3 41. Ke5 Kxh2 42. f5 1-0

[Event "23rd Hoogeveen Open 2019"]
[Site "Hoogeveen"]
[Date "2019.10.20"]
[Round "2.37"]
[White "Boersma, Jan"]
[Black "De Winter, Arthur"]
[Result "0-1"]
[ECO "B30"]
[WhiteElo "2070"]
[BlackElo "1896"]
[Annotator "NA"]
[PlyCount "78"]
[EventDate "2019.10.19"]
[EventType "swiss"]
[EventCountry "NED"]
[SourceTitle "playchess.com"]
[Source "ChessBase"]
[SourceQuality "1"]
[TimeControl "40/5400+30:1800+30"]

1. e4 c5 2. Nf3 e6 3. Nc3 Nc6 4. Bb5 Nd4 5. Bd3 Ne7 6. Nxd4 cxd4 7. Ne2 Nc6 8. O-O Be7 9. f4 O-O 10. c3 dxc3 11. dxc3 d6 12. Be3 b6 13. Qc2 Bb7 14. Rad1 Qc7 15. Ng3 Rac8 16. Qe2 Rfd8 17. Qg4 Kh8 18. Qh3 Kg8 19. f5 exf5 20. Nxf5 Ne5 21. Qg3 Ng6 22. Bd4 Bf8 23. h4 f6 24. h5 Ne5 25. Bc2 Kh8 26. Bb3 Bxe4 27. Nh6 d5 28. Rxf6 Bc5 29. Rf2 Bxd4 30. cxd4 Nf3+ 31. Rxf3 Bxf3 32. Qxf3 gxh6 33. Bxd5 Qg7 34. Be6 Rc2 35. d5 Rf8 36. Qe4 Rff2 37. Bh3 Rce2 38. Qd4 Qxd4 39. Rxd4 Rf8 0-1

[Event "23rd Hoogeveen Open 2019"]
[Site "Hoogeveen"]
[Date "2019.10.21"]
[Round "3.9"]
[White "De Jong, Migchiel"]
[Black "Vrolijk, Liam"]
[Result "0-1"]
[ECO "E05"]
[WhiteElo "2330"]
[BlackElo "2478"]
[Annotator "RC"]
[PlyCount "66"]
[EventDate "2019.10.19"]
[EventType "swiss"]
[EventCountry "NED"]
[SourceTitle "playchess.com"]
[Source "ChessBase"]
[SourceQuality "1"]
[TimeControl "40/5400+30:1800+30"]

1. Nf3 d5 2. d4 Nf6 3. c4 e6 4. g3 Be7 5. Bg2 O-O 6. O-O dxc4 7. Qc2 b5 8. a4 b4 9. Nfd2 Nd5 10. Nxc4 c5 11. dxc5 Ba6 12. Nbd2 Nd7 13. e4 N5f6 14. c6 Nc5 15. e5 Nd5 16. b3 Rc8 17. Bb2 Rxc6 18. Rac1 Qc7 19. Rfd1 Rc8 20. Bf1 Bg5 21. Nd6 Bxf1 22. Kxf1 Bxd2 23. Rxd2 Nxb3 24. Qxb3 Rxc1+ 25. Kg2 Rc2 26. Rd3 Rf8 27. Bd4 Rc1 28. Rf3 Qc2 29. Qxc2 Rxc2 30. Bxa7 Rc3 31. Nb5 Rxf3 32. Kxf3 b3 33. a5 Ra8 0-1

[Event "23rd Hoogeveen Open 2019"]
[Site "Hoogeveen"]
[Date "2019.10.21"]
[Round "3.10"]
[White "Romanishin, Oleg M"]
[Black "Gomes, Mary Ann"]
[Result "0-1"]
[ECO "E62"]
[WhiteElo "2441"]
[BlackElo "2268"]
[Annotator "RC"]
[PlyCount "82"]
[EventDate "2019.10.19"]
[EventType "swiss"]
[EventCountry "NED"]
[SourceTitle "playchess.com"]
[Source "ChessBase"]
[SourceQuality "1"]
[TimeControl "40/5400+30:1800+30"]

1. d4 Nf6 2. Nf3 g6 3. g3 Bg7 4. Bg2 O-O 5. c4 d6 6. O-O Nc6 7. Nc3 Bf5 8. Bd2 Ne4 9. Be1 Nxc3 10. Bxc3 Be4 11. Qd2 d5 12. Rad1 e6 13. b3 a5 14. c5 b6 15. cxb6 cxb6 16. Ne5 Bxe5 17. dxe5 Bxg2 18. Kxg2 Qe7 19. Rc1 Rfc8 20. Bd4 Qb4 21. Bc3 Qb5 22. e3 a4 23. Rb1 axb3 24. Rxb3 Qc4 25. Ba1 Qe4+ 26. f3 Qa4 27. Rf2 Na5 28. Rb4 Qa3 29. Bd4 Nc4 30. Qe1 Ra6 31. Rb3 Qe7 32. e4 Qb7 33. Rb4 Na3 34. Rbb2 b5 35. exd5 Qxd5 36. Qe4 Qxe4 37. fxe4 Ra4 38. Rbd2 Nc4 39. Rd3 Rd8 40. Rff3 Rxa2+ 41. Kh3 Rd2 0-1

[Event "23rd Hoogeveen Open 2019"]
[Site "Hoogeveen"]
[Date "2019.10.21"]
[Round "3.12"]
[White "Zwirs, Nico"]
[Black "Hilwerda, Jonas"]
[Result "1-0"]
[ECO "E90"]
[WhiteElo "2421"]
[BlackElo "2229"]
[Annotator "RC"]
[PlyCount "61"]
[EventDate "2019.10.19"]
[EventType "swiss"]
[EventCountry "NED"]
[SourceTitle "playchess.com"]
[Source "ChessBase"]
[SourceQuality "1"]
[TimeControl "40/5400+30:1800+30"]

1. c4 Nf6 2. Nc3 g6 3. d4 Bg7 4. e4 d6 5. h3 O-O 6. Be3 c5 7. Nf3 cxd4 8. Nxd4 b6 9. g3 Bb7 10. Bg2 a6 11. O-O Qc7 12. Nd5 Nxd5 13. cxd5 Rc8 14. Rc1 Qd8 15. Rxc8 Qxc8 16. Qe2 Nd7 17. Rc1 Qd8 18. Nc6 Qe8 19. b4 Rc8 20. a4 b5 21. axb5 axb5 22. Qxb5 Bxc6 23. dxc6 Ne5 24. f4 Nxc6 25. Qb7 Bb2 26. Rc2 Ba3 27. b5 Na7 28. Rxc8 Nxc8 29. Qa8 Bc5 30. Bxc5 dxc5 31. b6 1-0